 Dungeon Crawl Stone Soup version 0.29-a0-23-ga79f92ac9c (webtiles) character file.

Game seed: 4288335139023440166

1816 Ajdolov the Frost Mage (level 9, -1/72 (76) HPs)
             Began as an Ogre Ice Elementalist on Jan 30, 2022.
             Was a Follower of Vehumet.
             Slain by a wight (8 damage)
             ... on level 6 of the Dungeon.
             The game lasted 00:18:21 (7883 turns).

Ajdolov the Frost Mage (Ogre Ice Elementalist)      Turns: 7883, Time: 00:18:22

HP:   -1/72 (76)    AC:  4    Str: 14    XL:     9   Next: 10%
MP:   18/18         EV:  9    Int: 20    God:    Vehumet [*.....]
Gold: 309           SH:  0    Dex:  9    Spells: 5/21 levels left

rFire   . . .      SeeInvis .   k - +4 quarterstaff (chaos)
rCold   . . .      Faith    .   (shield currently unavailable)
rNeg    . . .      Spirit   .   a - +0 robe
rPois   .          Reflect  .   (helmet restricted)
rElec   .          Harm     .   j - +0 cloak
rCorr   .          Rampage  .   (gloves unavailable)
Will    .....                   (boots unavailable)
Stlth   +.........              (no amulet)
HPRegen 0.22/turn               (no ring)
MPRegen 0.16/turn               (no ring)

@: drained
A: large, unfitting armour, tough skin 1
a: Renounce Religion


You were on level 6 of the Dungeon.
You worshipped Vehumet.
Vehumet was aware of your devotion.
You visited 2 branches of the dungeon, and saw 8 of its levels.
You also visited: Sewer.

You collected 309 gold pieces.

Inventory:

Hand Weapons
 k - a +4 quarterstaff of chaos (weapon)
 t - the +9 war axe of Dullness {vorpal, rF- Int+3 Stlth+}
   (You found it in a sewer)

   It inflicts extra damage upon your enemies.
   Int:       It affects your intelligence (+3).
   rF:        It makes you vulnerable to fire.
   Stlth:     It makes you more stealthy.
Armour
 a - a +0 robe (worn)
 j - a +0 cloak (worn)
Jewellery
 r - a ring of fire
Wands
 u - a wand of mindburst (17)
Scrolls
 e - 11 scrolls of identify {unknown}
 f - 3 scrolls of vulnerability {unknown}
 g - 2 scrolls of fog {unknown}
 l - 4 scrolls of enchant armour {unknown}
 n - 5 scrolls of teleportation {unknown}
 o - 2 scrolls of blinking {unknown}
 q - a scroll of enchant weapon {unknown}
 s - a scroll of noise {unknown}
Potions
 b - 2 potions of heal wounds {unknown}
 c - a potion of flight {unknown}
 d - a potion of attraction {unknown}
 h - a potion of might {unknown}
 i - a potion of curing {unknown}
 m - a potion of degeneration {unknown}
 p - a potion of mutation {unknown}


   Skills:
 + Level 1.5 Fighting
 + Level 0.9 Staves
 - Level 1.7 Dodging
 - Level 1.4 Stealth
 + Level 6.5 Spellcasting
 + Level 4.9 Conjurations
 + Level 8.1 Ice Magic
 * Level 1.3 Earth Magic


You had 5 spell levels left.
You knew the following spells:

 Your Spells              Type           Power      Damage    Failure   Level
a - Freeze                Ice            100%       1d11      1%          1
b - Frozen Ramparts       Ice            78%        1d9       1%          3
c - Ozocubu's Armour      Ice            39%        N/A       1%          3
d - Hailstorm             Conj/Ice       32%        3d8       7%          4
e - Dispel Undead         Necr           6%         3d8       69%         4
f - Sandblast             Erth           22%        2d7       6%          1

Your spell library contained the following spells:

 Spells                   Type           Power      Damage    Failure   Level
 Static Discharge         Conj/Air       16%        N/A       5%          2
 Sticky Flame             Conj/Fire      16%        2d4       34%         4
 Metabolic Englaciation   Hex/Ice        11%        N/A       45%         5
 Simulacrum               Ice/Necr       11%        N/A       96%         6


Dungeon Overview and Level Annotations

Branches:
Dungeon (7/15)             Temple (1/1) D:6           Sewer (visited)

Altars:
Cheibriados
Kikubaaqudgha
Qazlal
Sif Muna
Vehumet
Wu Jian

Shops:
D:5 :


Innate Abilities, Weirdness & Mutations

You are too large for most types of armour.
You have tough skin. (AC +1)


Message History

The wight barely misses you.
The wight hits you with a +3 hand axe of freezing!
The wight freezes you.
You completely miss the wight.
The wight is lightly damaged.
The wight hits you with a +3 hand axe of freezing!
* * * LOW HITPOINT WARNING * * *
You feel drained.
* * * LOW HITPOINT WARNING * * *
The wight freezes you.
* * * LOW HITPOINT WARNING * * *
Press: ? - help, v - describe, . - travel
Here: a wight, wielding a +3 hand axe of freezing and wearing a +0 robe (lightly damaged)
The floor.
The wight hits you with a +3 hand axe of freezing!
* * * LOW HITPOINT WARNING * * *
The wight freezes you.
* * * LOW HITPOINT WARNING * * *
There is an open door here.
There is an open door here.
The wight hits you with a +3 hand axe of freezing!
* * * LOW HITPOINT WARNING * * *
You feel drained. The wight freezes you.
* * * LOW HITPOINT WARNING * * *
Okay, then.
Okay, then.
There is an open door here.
There is an open door here.
There is an open door here.
The wight hits you with a +3 hand axe of freezing.
* * * LOW HITPOINT WARNING * * *
The wight freezes you.
* * * LOW HITPOINT WARNING * * *
Aiming: Mindburst
Press: ? - help, Shift-Dir - straight line, f - wight
Aim: a wight, wielding a +3 hand axe of freezing and wearing a +0 robe (chance to affect: 64%)
The wight's mind is blasted.
There is an open door here.
The wight hits you with a +3 hand axe of freezing!
You die...

..............# #.............
..............# #.............
..............# #.............
..............# #.............
..###'###..#########.............
..##..###+#####.##.##'#######....
......#.....#....#..........#....
......#.....#....#..........#....
......'.....#...@z..........#....
########...##...###...###+###....
#.....##...##...###...#..........
#......+...#..........#....(.....
'......#...'..........'..........
#......#...#..........#....>.....
####+##################..........
........................###'#....
........................#...#....


You could see a wight.

Vanquished Creatures
  Sigmund (D:2)
  2 black bears
  2 ogres
  2 necrophages
  A phantom (D:6)
  2 bullfrogs (Sewer)
  A gnoll sergeant (D:4)
  4 scorpions
  A howler monkey (D:5)
  A bullfrog zombie (D:6)
  Crazy Yiuf (D:2)
  An orc priest (D:4)
  2 jellies
  A bullfrog skeleton (D:6)
  A centaur skeleton (D:4)
  A scorpion zombie (D:5)
  4 iguanas
  An orc wizard (D:4)
  4 gnolls (D:4)
  5 adders
  2 river rats (D:6)
  An ufetubus (D:5)
  An adder skeleton (D:4)
  2 worms (D:2)
  A dart slug (D:3)
  11 orcs (D:4)
  6 bats
  15 endoplasms
  8 giant cockroaches
  5 goblins
  5 hobgoblins
  5 jackals
  6 kobolds
  14 quokkas
  9 ball pythons
  11 frilled lizards
  9 rats
149 creatures vanquished.

Notes
Turn   | Place    | Note
-------+----------+-------------------------------------------
     0 | D:1      | Ajdolov the Ogre Ice Elementalist began the quest for the
                  | Orb.
     0 | D:1      | Reached XP level 1. HP: 16/16 MP: 3/3
   336 | D:1      | Reached XP level 2. HP: 24/24 MP: 3/5
   480 | D:1      | Reached skill level 4 in Ice Magic
  1448 | D:2      | Noticed a phantom
  1603 | D:2      | Noticed Sigmund
  1888 | D:2      | Reached XP level 3. HP: 31/31 MP: 4/7
  1914 | D:2      | Learned a level 3 spell: Frozen Ramparts
  1918 | D:2      | Learned a level 3 spell: Ozocubu's Armour
  2292 | D:2      | Found the +7 Throatcutter {drain, coup de grace}
  2325 | D:2      | Found a runed translucent door.
  2326 | D:2      | Noticed Crazy Yiuf
  2334 | D:2      | Killed Crazy Yiuf
  2335 | D:2      | Reached XP level 4. HP: 35/39 MP: 0/9
  2840 | D:2      | Killed Sigmund
  2841 | D:2      | Reached skill level 5 in Ice Magic
  2841 | D:2      | Reached XP level 5. HP: 37/45 MP: 2/11
  2841 | D:2      | Reached XP level 6. HP: 44/53 MP: 2/12
  3177 | D:3      | Found a faded altar of an unknown god.
  3271 | D:3      | Reached skill level 6 in Ice Magic
  3444 | D:3      | Learned a level 4 spell: Hailstorm
  3782 | D:4      | Noticed a necrophage
  3806 | D:4      | Killed a necrophage
  3807 | D:4      | Reached skill level 1 in Conjurations
  3807 | D:4      | Reached XP level 7. HP: 42/59 MP: 3/14
  3904 | D:4      | Reached skill level 5 in Spellcasting
  5022 | D:5      | Entered Level 5 of the Dungeon
  5349 | D:5      | Reached skill level 7 in Ice Magic
  5349 | D:5      | Reached XP level 8. HP: 63/67 MP: 10/16
  5423 | D:5      | Learned a level 4 spell: Dispel Undead
  6158 | D:5      | Found Ryret's Book Emporium.
  6655 | D:6      | Found a staircase to the Ecumenical Temple.
  6665 | Temple   | Entered the Ecumenical Temple
  6684 | Temple   | Became a worshipper of Vehumet
  6813 | D:6      | Reached skill level 8 in Ice Magic
  6819 | D:6      | Found a glowing drain.
  6825 | Sewer    | Entered a sewer
  6957 | Sewer    | Reached * piety under Vehumet
  6957 | Sewer    | Offered knowledge of Sandblast by Vehumet.
  6966 | Sewer    | Learned a level 1 spell: Sandblast
  7146 | Sewer    | Reached skill level 1 in Fighting
  7146 | Sewer    | Reached XP level 9. HP: 53/76 MP: 9/18
  7148 | Sewer    | Reached skill level 1 in Earth Magic
  7153 | Sewer    | Identified the +9 war axe of Dullness {vorpal, rF- Int+3
                  | Stlth+}
  7883 | D:6      | Slain by a wight

Illustrated notes

Levels and vault maps discovered:
D:1:      giann_wishing_wells, layout_loops_ring
D:2:      minmay_inner_zag, layout_loops_ring, st_stairs_7,
          small_statue_intersection, minivault_25,
          chequers_serial_rivers_small_a,
          nicolae_concentric_dashed_squares_wild, palyth_stone_intersect,
          uniq_crazy_yiuf_cottage, uniq_sigmund
D:3:      layout_loops_ring, nicolae_overflow_ecumenical_swirl
D:4:      layout_gridville, ebering_dispersal_statue_hall
D:5:      layout_basic, serial_shops, kennysheep_mini
D:6:      layout_gridville, minmay_temple_entry_glassed_door,
          portal_sewer_entry_e
D:7:      layout_basic, nicolae_overflow_hidden_temple, serial_shops, shop,
          minmay_crossroads
Temple:   nicolae_temple_elliptical

Skill      XL: |  1  2  3  4  5  6  7  8  9 |
---------------+----------------------------+-----
Ice Magic      | 4 5 6 7 8 |  8.1
Spellcasting   | 3 4 5 6 |  6.5
Conjurations   | 1 3 4 |  4.9
Fighting       | 1 |  1.5
Earth Magic    | 1 |  1.3
Staves         | |  0.9
Dodging        | |  1.7
Stealth        | |  1.4

Action                   |  1- 3 |  4- 6 |  7- 9 || total
-------------------------+-------+-------+-------++-------
Melee: Dagger            |    66 |       |       ||    66
       Quarterstaff      |       |    52 |   182 ||   234
 Cast: Freeze            |    27 |     2 |     4 ||    33
       Frozen Ramparts   |     2 |     4 |    21 ||    27
       Ozocubu's Armour  |     1 |     3 |     6 ||    10
Evoke: Wand              |       |       |     1 ||     1
 Stab: Sleeping          |     1 |       |     2 ||     3
Armor: Robe              |    38 |    23 |    71 ||   132
Dodge: Dodged            |    32 |    22 |    90 ||   144

Table legend: (Time is in decaauts)
 A = Elapsed time spent in this place.
 B = Non-inter-level travel time spent in this place.
 C = Inter-level travel time spent in this place.
 D = Time resting spent in this place.
 E = Time spent auto-exploring this place.
 F = Levels seen in this place.
 G = Mean time per level.
                   A        B        C        D        E       F      G
               +--------+--------+--------+--------+--------+-----+--------+
         Total |   8016 |   7786 |    230 |    889 |   5422 |   9 |  890.7 |
       Dungeon |   7452 |   7235 |    217 |    889 |   5181 |   7 | 1064.6 |
        Temple |     33 |     20 |     13 |      0 |     10 |   1 |   33.0 |
         Sewer |    529 |    529 |      0 |      0 |    231 |   1 |  529.0 |
               +--------+--------+--------+--------+--------+-----+--------+

Top non-repeatable levels by time:
     D:2: 1956 daAuts
     D:5: 1332 daAuts
     D:4: 1282 daAuts
     D:6: 1064 daAuts
     D:1: 984 daAuts
     D:3: 824 daAuts
   Sewer: 529 daAuts
  Temple: 33 daAuts
     D:7: 8 daAuts
